 Dungeon Crawl Stone Soup version 0.26.1-2-gb8aa6d0cf2 (webtiles) character file.

Game seed: 18375626358006234720

2758 Eitelfritz the Carver (level 9, -2/79 HPs)
             Began as a Minotaur Gladiator on Feb 19, 2021.
             Slain by an orc warrior
             ... wielding a +0 war axe
              (19 damage)
             ... in a bailey.
             The game lasted 00:21:15 (7208 turns).

Eitelfritz the Carver (Minotaur Gladiator)          Turns: 7208, Time: 00:21:15

Health: -2/79      AC: 12    Str: 19    XL:     9   Next: 41%
Magic:  8/8        EV: 12    Int:  8    God:
Gold:   432        SH:  0    Dex: 12    Spells: 8/8 levels left

rFire    . . .     SeeInvis +   a - +3 long sword
rCold    . . .     Faith    .   (no shield)
rNeg     . . .     Spirit   .   f - +0 scale mail
rPois    .         Reflect  .   c - +2 hat
rElec    .         Harm     .   C - +0 cloak
rCorr    .         Rampage  .   t - +0 pair of gloves
Will     .....                  (no boots)
Stlth    ..........             (no amulet)
HPRegen  0.23/turn              j - ring of see invisible
MPRegen  0.11/turn              (no ring)

@: mighty
A: retaliatory headbutt, horns 2
a: no special abilities


You were in a bailey.
You visited 1 branch of the dungeon, and saw 8 of its levels.
You also visited: Sewer and Bailey.

You collected 432 gold pieces.

Inventory:

Hand Weapons
 a - a +3 long sword (weapon)
 o - a +2 whip of flaming
 s - a +0 flail
 y - a +0 morningstar
Missiles
 d - 3 throwing nets
 w - 22 poisoned darts
 x - 37 boomerangs (quivered)
Armour
 c - a +2 hat (worn)
 f - a +0 scale mail (worn)
 h - a +2 ring mail of fire resistance
 t - a +0 pair of gloves (worn)
 z - a +0 plate armour
 C - a +0 cloak (worn)
 F - a +0 chain mail
Jewellery
 j - a ring of see invisible (left hand)
 E - a cursed ring of attention {unknown}
Wands
 b - a wand of random effects (43)
 q - a wand of acid (5)
 u - a wand of disintegration (21)
Scrolls
 k - 2 scrolls of immolation
 m - 2 scrolls of enchant armour
 p - 2 scrolls of teleportation
 B - a scroll of fog
 D - a scroll of enchant weapon
 I - a scroll of random uselessness {unknown}
 K - a scroll of blinking
Potions
 e - 5 potions of curing
 g - 7 potions of heal wounds
 i - 3 potions of attraction
 l - a potion of cancellation
 n - a potion of degeneration {unknown}
 r - 2 potions of might
 v - 2 potions of brilliance
 A - a potion of flight {unknown}
 G - 2 potions of ambrosia {unknown}
 H - a potion of lignification {unknown}
Miscellaneous
 J - a phial of floods


   Skills:
 + Level 7.0 Fighting
 + Level 11.1 Long Blades
 + Level 2.6 Throwing
 + Level 7.0 Armour
 + Level 5.5 Dodging
 + Level 1.0 Stealth


You had 8 spell levels left.
You didn't know any spells.
Your spell library contained the following spells:

 Spells                   Type           Power        Failure   Level
 Animate Skeleton         Necr           0%           75%         1
 Apportation              Tloc           0%           75%         1
 Corona                   Hex            0%           75%         1
 Summon Small Mammal      Summ           0%           75%         1
 Call Imp                 Summ           0%           87%         2


Dungeon Overview and Level Annotations

Branches:
Dungeon (9/15)              Sewer (visited)          Bailey (1/1)
 Temple: D:4-7         Lair: D:8-11         Orc: D:9-12

Altars:
Dithmenos
Ru
Sif Muna
Trog
Yredelemnul
Zin

Annotations:
Bailey 3 runed translucent doors


Innate Abilities, Weirdness & Mutations

You reflexively headbutt those who attack you in melee.
You have a pair of horns on your head.


Message History

The orc warrior hits you with a +0 war axe!
You barely miss the orc warrior.
The orc warrior is lightly wounded.
The orc warrior hits you with a +0 hand axe.
You closely miss the orc warrior.
The orc warrior is lightly wounded.
The orc warrior misses you.
The orc warrior hits you with a +0 hand axe!
* * * LOW HITPOINT WARNING * * *
You feel much better.
The orc warrior hits you with a +0 war axe!
The orc warrior hits you with a +0 hand axe!!
* * * LOW HITPOINT WARNING * * *
You feel much better.
The orc warrior hits you with a +0 war axe!
* * * LOW HITPOINT WARNING * * *
The orc warrior hits you but does no damage.
You feel very mighty all of a sudden.
The orc warrior hits you with a +0 war axe!!
You die...

.## ..## ##....!##
...## ##.......##
....# ≈≈ #...8..8.?##
....#≈≈≈≈≈#.........?#
....'.....'.........$#
..# ## ......8...#
.##≈≈≈ ####......#
.#≈}.. ≈#≈≈#.o@o.#
.#o?... ...≈#....##
.##8.8. 8.8≈##...#
..#.... ...≈≈+...#
..#.... ...≈≈+...#
..#o.. ...≈≈+...#
.##8.8 8.8≈##...#
.#g?.. ...≈#....##
.#≈[.. ≈#≈≈#.....##


You could see 2 orc warriors.

Vanquished Creatures
  Pikel (D:4)
  A water moccasin (D:6)
  An ice beast (D:6)
  3 phantoms
  3 orc warriors
  An ogre (D:4)
  2 sky beasts
  A necrophage (D:6)
  2 lemures (D:4)
  A bullfrog (D:9)
  A scorpion (D:9)
  A centaur zombie (D:9)
  2 bullfrog zombies (D:6)
  4 hounds
  4 orc wizards
  A bullfrog skeleton (D:7)
  3 orc priests (D:5)
  An iguana (D:5)
  Terence (D:2)
  5 worker ants
  Robin (D:3)
  6 gnolls
  A howler monkey skeleton (D:4)
  12 adders
  8 river rats (Sewer)
  A white imp (D:6)
  An ooze (Sewer)
  An adder skeleton (D:4)
  7 worms
  3 dart slugs
  5 leopard geckos
  18 orcs
  6 ball pythons
  7 giant cockroaches
  19 goblins
  15 hobgoblins
  5 jackals
  5 bats
  2 frilled lizards
  32 kobolds
  A quokka skeleton (D:4)
  28 rats
223 creatures vanquished.

Notes
Turn   | Place    | Note
-------+----------+-------------------------------------------
     0 | D:1      | Eitelfritz the Minotaur Gladiator began the quest for the
                  | Orb.
     0 | D:1      | Reached XP level 1. HP: 18/18 MP: 0/0
   187 | D:1      | Reached skill level 4 in Long Blades
   187 | D:1      | Reached XP level 2. HP: 19/25 MP: 1/1
   964 | D:1      | Reached XP level 3. HP: 30/30 MP: 2/2
  1566 | D:2      | Reached XP level 4. HP: 35/38 MP: 3/3
  1921 | D:2      | Reached skill level 1 in Armour
  2019 | D:2      | Noticed Terence
  2027 | D:2      | Killed Terence
  2101 | D:2      | Reached XP level 5. HP: 38/45 MP: 4/4
  2570 | D:3      | Noticed Robin
  2579 | D:3      | Reached skill level 5 in Long Blades
  2597 | D:3      | Killed Robin
  2721 | D:3      | Found a sacrificial altar of Ru.
  3292 | D:4      | Found a basalt altar of Yredelemnul.
  3307 | D:4      | Noticed an ogre
  3316 | D:4      | Killed an ogre
  3317 | D:4      | Reached skill level 6 in Long Blades
  3317 | D:4      | Reached XP level 6. HP: 51/52 MP: 5/5
  4014 | D:4      | Found a shimmering blue altar of Sif Muna.
  4024 | D:4      | Identified Sif Muna's Tome of Summoning
  4046 | D:4      | Found a bloodstained altar of Trog.
  4046 | D:4      | Noticed an orc warrior
  4057 | D:4      | Killed an orc warrior
  4058 | D:4      | Reached skill level 7 in Long Blades
  4058 | D:4      | Reached XP level 7. HP: 23/59 MP: 6/6
  4275 | D:4      | Noticed Pikel
  4287 | D:4      | Killed Pikel
  4288 | D:4      | Reached skill level 5 in Fighting
  4288 | D:4      | Reached skill level 8 in Long Blades
  4288 | D:4      | Reached skill level 5 in Armour
  4288 | D:4      | Reached XP level 8. HP: 37/68 MP: 7/7
  4603 | D:4      | Found a glowing silver altar of Zin.
  4645 | D:5      | Entered Level 5 of the Dungeon
  4896 | D:5      | You fall into a shaft and drop 2 floors!
  4899 | D:7      | Found a shadowy altar of Dithmenos.
  4939 | D:6      | Found a glowing drain.
  4969 | Sewer    | Entered a sewer
  5193 | Sewer    | Reached skill level 9 in Long Blades
  5920 | D:5      | Reached skill level 5 in Dodging
  6435 | D:5      | Reached skill level 10 in Long Blades
  6586 | D:6      | Reached XP level 9. HP: 72/78 MP: 8/8
  6789 | D:6      | You fall into a shaft and drop 3 floors!
  6992 | D:9      | Found a flagged portal.
  7034 | Bailey   | Entered a bailey
  7039 | Bailey   | Noticed an orc warlord
  7052 | Bailey   | Reached skill level 1 in Stealth
  7086 | Bailey   | Reached skill level 11 in Long Blades
  7161 | Bailey   | Found a runed translucent gate.
  7161 | Bailey   | Found a runed translucent gate.
  7184 | Bailey   | Found a runed translucent gate.
  7208 | Bailey   | Slain by an orc warrior

Illustrated notes

Levels and vault maps discovered:
D:1:      saegor_arrival_simple_c, layout_basic
D:2:      kb_forest_paths, layout_basic, uniq_terence
D:3:      layout_rooms, nicolae_ru_awakened_eye, uniq_robin
D:4:      minmay_general_purpose_star, layout_loops_ring,
          nzn_overflow_gifts_of_might_and_magic, lemuel_crystal_altar,
          zin_treasury, due_unseen_surprise, uniq_pikel
D:5:      layout_gridville
D:6:      wad_pebble_path, layout_basic, lemuel_doored_altar,
          okawaru_gym_becter, cheibrodos_sewer_entry_sluice
D:7:      layout_cave_pods, vehumet_statue, nicolae_dithmenos_shadow_blocks,
          minmay_temple_entry_hall, doesnt_shop_hydraphobe
D:9:      layout_stronghold, enter_bailey_5, serial_glass, glass_columns_c,
          glass_columns_a, lemuel_altar_in_water
Bailey:   bailey_axe_bossmonster_kennysheep, bailey

Skill      XL: |  1  2  3  4  5  6  7  8  9 |
---------------+----------------------------+-----
Long Blades    | 4 6 7 8 10 11 | 11.1
Dodging        | 4 5 |  5.5
Fighting       | 3 4 5 6 7 |  7.0
Armour         | 2 4 5 6 7 |  7.0
Stealth        | 1 |  1.0
Throwing       | |  2.6

Action                   |  1- 3 |  4- 6 |  7- 9 || total
-------------------------+-------+-------+-------++-------
Melee: Long sword        |    64 |   171 |   290 ||   525
       Headbutt          |    10 |    28 |    56 ||    94
Throw: Stone             |       |     2 |       ||     2
       Dart              |       |     1 |       ||     1
       Boomerang         |       |       |    13 ||    13
  Use: Scroll            |       |    13 |     5 ||    18
       Potion            |       |       |     3 ||     3
Armor: Leather armour    |     4 |       |       ||     4
       Ring mail         |     8 |    34 |       ||    42
       Scale mail        |       |    18 |   142 ||   160
Dodge: Dodged            |    50 |   105 |   234 ||   389
       Rpst.: Long sword |    13 |    34 |    58 ||   105
